Cogmind - Beta 10.2 *** ADVENTURER MODE // 2020.11.20 @ 02:18:18 Player: Chydax Result: Destroyed by G-34 Mercenary with Small Laser Performance ------------- Evolutions (1) 500 Regions Visited (4) 800 Robots Destroyed (70) 350 Value Destroyed (1738) 1738 Prototype IDs (1) 20 Alien Tech Used (0) 0 Bonus (80) 80 TOTAL SCORE: 3488 Bonus ------- High Alert Combat Kills 55 Follower Combat Kills 25 Cogmind --------- Core Integrity 0/400 Matter 282/300 Energy 52/100 System Corruption 3% Temperature Cool (6) Movement Core (350) Ox6 Location -9/Storage Parts ------- > --- POWER (1) -------- (None) > --- PROPULSION (3) --- (None) > --- UTILITY (3) ------ Large Storage Unit Signal Interpreter Armor Integrity Analyzer > --- WEAPON (2) ------- Light EM Pulse Cannon > --- INVENTORY (10) --- Heat Shielding Heat Sink Medium Storage Unit Visual Processing Unit Sensor Array Peak State ------------ > --- POWER ------------ Light Angular Momentum Engine > --- PROPULSION ------- Aluminum Leg Aluminum Leg Carbon-fiber Leg > --- UTILITY ---------- Large Storage Unit Sensor Array Armor Integrity Analyzer > --- WEAPON ----------- Minigun Scythe > --- INVENTORY -------- Light Ion Engine Heat Shielding Heat Sink Small Storage Unit Medium Storage Unit Beamcaster EMP Blaster EMP Blaster [Rating: 21] Favorites ----------- Power Light Ion Engine Engine Light Ion Engine Propulsion Aluminum Leg Treads Light Treads Leg Aluminum Leg Utility Armor Integrity Analyzer Device Sensor Array Storage Large Storage Unit Processor Armor Integrity Analyzer Weapon Beamcaster Energy Gun Beamcaster Energy Cannon Light EM Pulse Cannon Ballistic Gun Assault Rifle Ballistic Cannon Improved Light Cannon Launcher EMP Blaster Slashing Weapon Scythe Build | -11 -10 -10 -9 -9 ------- Run | Scr Mat Min Mat Sto Slots Evolved 2 | . . . 2 . Power . | . . . . . Propulsion 1 | . . . 1 . Utility 1 | . . . 1 . Weapon . | . . . . . Parts Attached 44 | 6 3 8 21 6 Power 5 | 1 1 1 2 . Engine 5 | 1 1 1 2 . Core . | . . . . . Reactor . | . . . . . Propulsion 7 | 2 . 3 2 . Treads 2 | 2 . . . . Leg 5 | . . 3 2 . Wheel . | . . . . . Hover . | . . . . . Flight . | . . . . . Utility 9 | 1 2 1 5 . Device 2 | . . . 2 . Storage 5 | 1 1 1 2 . Processor 2 | . 1 . 1 . Hackware . | . . . . . Protection . | . . . . . Artifact . | . . . . . Weapon 23 | 2 . 3 12 6 Energy Gun 7 | 1 . 1 2 3 Energy Cannon 2 | . . . 1 1 Ballistic Gun 6 | 1 . 2 2 1 Ballistic Cannon 1 | . . . . 1 Launcher 5 | . . . 5 . Special Weapon . | . . . . . Impact Weapon . | . . . . . Slashing Weapon 2 | . . . 2 . Piercing Weapon . | . . . . . Special Melee Weapon . | . . . . . Unidentified Prototypes 1 | . . . 1 . Parts Lost 11 | . . . 3 8 Power 1 | . . . . 1 Propulsion 3 | . . . 1 2 Utility 1 | . . . 1 . Weapon 6 | . . . 1 5 Highest Loss Streak 4 | . . . 2 4 Average Slot Usage (%) 95 | . 99 100 98 60 Engine 11 | . 14 14 10 3 Treads 11 | . 28 20 . . Leg 15 | . . 7 32 5 Device 3 | . . . 9 . Storage 12 | . 14 14 11 11 Processor 13 | . 13 14 11 22 Energy Gun 7 | . 14 12 1 5 Ballistic Gun 12 | . 14 16 9 4 Launcher 3 | . . . 8 . Naked Turns . | . . . . . Heaviest Build 34 | 11 15 23 34 26 Greatest Support 40 | 40 40 40 35 20 Greatest Overweight (x) 7 | 2 . . 1 7 Average Overweight (x) . | . . . . 3 Largest Inventory Capacity 14 | 6 8 8 14 10 Average Capacity 8 | 5 7 7 9 10 Most Carried 10 | 4 8 8 10 9 Average Carried 7 | 2 6 7 8 7 Final Capacity 10 | 6 8 6 10 10 Final Carried 9 | 4 8 5 9 5 Class Distribution -------------------- 85% | Mutant 14% | Scavenger-Mutant Dominant Class ---------------- Mutant | -10/Materials Mutant | -10/Mines Mutant | -9/Materials Mutant | -9/Storage Resources | -11 -10 -10 -9 -9 ----------- Run | Scr Mat Min Mat Sto Matter Collected 1159 | 248 108 147 497 159 Remotely . | . . . . . Salvage Created 2368 | . 441 269 1261 397 Parts 168 | . 32 13 91 32 Haulers Intercepted 2 | . 1 . 1 . Recyclers Shooed 1 | . . . 1 . Parts Field Recycled . | . . . . . Retrieved Matter . | . . . . . Parts Self-Destructed . | . . . . . Prevented . | . . . . . Kills | -11 -10 -10 -9 -9 ------- Run | Scr Mat Min Mat Sto Combat Hostiles Destroyed 53 | . 8 8 28 9 Guns 26 | . 7 8 5 6 Cannons 6 | . . . 4 2 AOE 18 | . 1 . 17 . Classes Destroyed 10 | . 6 . 4 . Worker 4 | . 2 . 1 1 Builder 3 | . 1 . 2 . Hauler 2 | . 1 . 1 . Recycler 1 | . 1 . . . Operator 2 | . . . 2 . Watcher 5 | . . . 4 1 Swarmer 19 | . 3 3 10 3 Grunt 22 | . 5 5 11 1 Brawler 1 | . . . 1 . Sentry 11 | . . . 6 5 Best Kill Streak 10 | . 5 3 10 6 Combat Bots Only 10 | . 3 3 10 3 Max Kills in Single Turn 3 | . 2 1 3 2 Gunslinging 1 | . 1 . . . Exploded 2 | . 1 . 2 . Melee . | . . . . . Uniques/NPCs Destroyed . | . . . . . Combat | -11 -10 -10 -9 -9 -------- Run | Scr Mat Min Mat Sto Damage Taken 2082 | . 306 258 721 797 Core 506 | . 76 24 131 275 Absorbed by Shields . | . . . . . Core Remaining (%) 80 | 100 . 60 . . Volleys Fired 141 | . 22 24 60 35 Largest 2 | . 2 2 2 2 Hottest 104 | . 60 95 81 104 Shots Fired 258 | . 44 48 108 58 Gun 173 | . 44 48 50 31 Cannon 45 | . . . 18 27 Launcher 40 | . . . 40 . Special . | . . . . . Kinetic 131 | . 22 31 48 30 Thermal 26 | . . 17 2 7 Explosive . | . . . . . Electromagnetic 101 | . 22 . 58 21 Robot Hit Streak 25 | . 13 17 23 25 Robot Miss Streak 3 | . 1 2 3 2 Penetration Max . | . . . . . Secondary Targets 7 | . 4 2 . 1 Max Gunslinging Chain 1 | . 1 1 . 1 Shots Hit Robots 210 | . 38 39 84 49 Core Hits 101 | . 20 15 49 17 Critical Hits 2 | . . 1 1 . Critical Kills 2 | . . 1 1 . Critical Parts Destroyed . | . . . . . Melee Attacks . | . . . . . Impact . | . . . . . Slashing . | . . . . . Piercing . | . . . . . Sneak Attacks . | . . . . . Combat Hostiles . | . . . . . Follow-up Attacks . | . . . . . Damage Inflicted 4115 | . 634 512 2109 860 Guns 1995 | . 474 512 519 490 Cannons 694 | . . . 324 370 Explosions 1390 | . 160 . 1230 . Melee . | . . . . . Ramming 36 | . . . 36 . Kinetic 1382 | . 216 236 519 411 Thermal 776 | . 160 276 234 106 Explosive . | . . . . . Electromagnetic 1921 | . 258 . 1320 343 Impact . | . . . . . Slashing . | . . . . . Piercing . | . . . . . Highest Corruption 3 | . 1 1 3 3 Average Corruption 1 | . 1 1 2 3 Corruption Purged . | . . . . . Effects 25 | . 2 7 5 11 Message Errors 3 | . 1 2 . . Matter Fused 4 | . . . 1 3 Heat Flow Errors 1 | . . . . 1 Energy Discharges 4 | . . 2 . 2 Data Loss (minor) 3 | . . 1 1 1 Targeting Errors 8 | . 1 2 3 2 Weapon Failures 2 | . . . . 2 Overload Shots . | . . . . . Overflow Damage 55 | . . . 49 6 Projectiles 19 | . . . 13 6 Explosions 36 | . . . 36 . Melee . | . . . . . Knockbacks 4 | . . . . 4 Impact . | . . . . . Kinetic 4 | . . . . 4 Secondary . | . . . . . Self-Inflicted Damage 170 | . 36 . 134 . Shots 12 | . 1 . 11 . Rammed 1 | . . . 1 . Targets Rammed 6 | . . . 6 . Kicked 5 | . . . 5 . Crushed . | . . . . . Highest Temperature 302 | . 111 302 104 282 Average Temperature 68 | . 68 92 24 114 Received Heat Transfer 810 | . 159 144 186 321 Effects 1 | . . 1 . . Energy Bleed 1 | . . 1 . . Siege Activations . | . . . . . Robots Corrupted 3 | . . . 2 1 Combat Hostiles 3 | . . . 2 1 Parts Fried 6 | . . . 4 2 Impact Corruptions . | . . . . . Robots Melted . | . . . . . Combat Hostiles . | . . . . . Parts Melted 1 | . . 1 . . Heat Transferred 1290 | . 200 481 350 259 Parts Sabotaged . | . . . . . Parts Stolen . | . . . . . Parts Stripped . | . . . . . Power Chain Reactions 6 | . 1 . 5 . Missiles Intercepted . | . . . . . Alert | -11 -10 -10 -9 -9 ------- Run | Scr Mat Min Mat Sto Peak Influence 470 | . 236 142 470 428 Initial 136 | . . 77 . 136 Average 169 | . 102 85 271 263 Maximum Alert Level 2 | . 1 . 2 2 Low Security (%) 66 | 100 91 100 27 42 Level 1 28 | . 8 . 67 34 Level 2 4 | . . . 5 22 Level 3 . | . . . . . Level 4 . | . . . . . Level 5 . | . . . . . High Security . | . . . . . Max Security . | . . . . . Squads Dispatched 4 | . . . 3 1 Investigation . | . . . . . Extermination . | . . . . . Reinforcement 4 | . . . 3 1 Assault . | . . . . . Garrison . | . . . . . Intercept . | . . . . . Construction Impeded . | . . . . . Haulers Reinforced . | . . . . . Stealth | -11 -10 -10 -9 -9 --------- Run | Scr Mat Min Mat Sto Distress Signals 6 | . . . 3 3 Communications Jammed . | . . . . . Distress Signals . | . . . . . Times Spotted 76 | . 9 9 39 19 Peak Tracking Total 9 | . 3 3 4 9 Tactical Retreats 6 | . . . 2 4 Traps | -11 -10 -10 -9 -9 ------- Run | Scr Mat Min Mat Sto Traps Triggered 1 | . 1 . . . Indirectly . | . . . . . Trap Hack Attempts . | . . . . . Triggered . | . . . . . Disarmed . | . . . . . Reprogrammed . | . . . . . Reused . | . . . . . Traps Extracted . | . . . . . Installed . | . . . . . Triggered . | . . . . . Machines | -11 -10 -10 -9 -9 ---------- Run | Scr Mat Min Mat Sto Machines Disabled 5 | . . 1 4 . Max in Single Turn 2 | . . 1 2 . Machines Sabotaged . | . . . . . Garrisons Compromised . | . . . . . Overloaded Fab Kills . | . . . . . Fab Network Shutdowns . | . . . . . Hacking | -11 -10 -10 -9 -9 --------- Run | Scr Mat Min Mat Sto Machines Accessed 8 | . 2 1 5 . Terminals 6 | . 2 . 4 . Fabricators . | . . . . . Repair Stations 1 | . . . 1 . Recycling Units . | . . . . . Scanalyzers . | . . . . . Garrison Access . | . . . . . Total Hacks 14 | . 3 1 10 . Successful 12 | . 3 1 8 . Failed 2 | . . . 2 . Catastrophic . | . . . . . Database Lockouts . | . . . . . Manual . | . . . . . Terminals 9 | . 3 . 6 . Fabricators . | . . . . . Repair Stations 4 | . . . 4 . Recycling Units . | . . . . . Scanalyzers . | . . . . . Garrison Access . | . . . . . Terminal Hacks 10 | . 3 1 6 . Record 1 | . 1 . . . Robot Analysis 1 | . 1 . . . Open Door 1 | . . 1 . . Branch Access Points 1 | . . . 1 . Machine Index 1 | . . . 1 . Alert Level 1 | . . . 1 . Unreport Threat 1 | . . . 1 . Surveillance Status 1 | . . . 1 . Investigation Status 1 | . 1 . . . Zone Layout 1 | . . . 1 . Fabricator Hacks . | . . . . . Repair Station Hacks 2 | . . . 2 . Scan Component 1 | . . . 1 . Repair 1 | . . . 1 . Recycling Unit Hacks . | . . . . . Scanalyzer . | . . . . . Garrison Access Hacks . | . . . . . Unauthorized Hacks . | . . . . . Terminals . | . . . . . Fabricators . | . . . . . Repair Stations . | . . . . . Recycling Units . | . . . . . Scanalyzers . | . . . . . Garrison Access . | . . . . . Data Cores Recovered . | . . . . . Used . | . . . . . Hacking Detections 4 | . 2 . 2 . Full Trace Events . | . . . . . Feedback Events . | . . . . . Feedback Blocked . | . . . . . Robot Schematics Acquired . | . . . . . Robots Built . | . . . . . Matter . | . . . . . Time . | . . . . . Total Robot Build Rating . | . . . . . Part Schematics Acquired . | . . . . . Parts Built . | . . . . . Matter . | . . . . . Time . | . . . . . Total Part Build Rating . | . . . . . Parts Repaired 1 | . . . 1 . Time 25 | . . . 25 . Parts Recycled . | . . . . . Recycled Matter . | . . . . . Retrieved Matter . | . . . . . Retrieved Components . | . . . . . Parts Scanalyzed . | . . . . . Part Schematics Acquired . | . . . . . Parts Damaged . | . . . . . Bothacking | -11 -10 -10 -9 -9 ------------ Run | Scr Mat Min Mat Sto Used RIF Installer . | . . . . . Robots Hacked . | . . . . . Non-combat . | . . . . . Combat . | . . . . . Robot Hacks Applied . | . . . . . Relay Couplers Released . | . . . . . Robots Rewired . | . . . . . Allies Hacked . | . . . . . Hacks Repelled . | . . . . . Allies | -11 -10 -10 -9 -9 -------- Run | Scr Mat Min Mat Sto Total Allies 2 | . . 2 . . Largest Group 2 | . . 2 . . Highest-Rated Group 45 | . . 45 . . Highest-Rated Ally 31 | . . 31 . . Total Orders . | . . . . . Ally Attacks 17 | . . 17 . . Total Damage 276 | . . 276 . . Kills 2 | . . 2 . . Allies Corrupted . | . . . . . Allies Melted . | . . . . . Intel | -11 -10 -10 -9 -9 ------- Run | Scr Mat Min Mat Sto Robot Analysis Total 1 | . 1 . . . Derelict Logs Recovered 1 | . . 1 . . Drone Launches . | . . . . . Drone Recoveries . | . . . . . Exploration | -11 -10 -10 -9 -9 ------------- Run | Scr Mat Min Mat Sto Turns Passed 2674 | 88 303 1049 969 265 Spaces Moved 1458 | 49 142 613 589 65 Core 38 | 12 . . . 26 Treads 606 | 37 142 427 . . Legs 814 | . . 186 589 39 Wheels . | . . . . . Hover . | . . . . . Flight . | . . . . . Fastest Speed 50 | 50 160 120 120 150 Average Speed 142 | 149 160 147 121 247 Slowest Speed 400 | 160 160 160 150 400 Overloaded Moves . | . . . . . Propulsion Burnouts . | . . . . . Robots Hopped . | . . . . . Cave-ins Triggered . | . . . . . Exploration Rate (%) 41 | 4 29 98 58 19 Regions Visited 4 Branch Regions 2 Pre-discovered Areas . | . . . . . Known Exits Taken 1 | . . . 1 . Unknown Exits Taken 3 | 1 1 1 . . Scrap Searched 1 | . . 1 . . Spaces Dug . | . . . . . Terrain Destroyed 23 | . 3 . 19 1 Melee . | . . . . . Projectile 1 | . . . . 1 AOE 22 | . 3 . 19 . Terrain Rammed . | . . . . . Walls Destroyed . | . . . . . Machines Disabled . | . . . . . Actions | -11 -10 -10 -9 -9 --------- Run | Scr Mat Min Mat Sto Total 1801 | 64 173 711 741 112 Wait 104 | . . 56 44 4 Move 1454 | 48 141 612 588 65 Hop . | . . . . . Pick Up 33 | 10 6 3 13 1 Fast Attach 2 | . . . 2 . Attach 16 | 6 1 . 5 4 Detach 1 | . . . 1 . Swap 26 | . 2 8 14 2 Drop 18 | . 1 8 8 1 Fire 141 | . 22 24 60 35 Melee . | . . . . . Ram . | . . . . . Kick 6 | . . . 6 . Crush . | . . . . . Escape Stasis . | . . . . . Rewire . | . . . . . Trap . | . . . . . Miscellaneous . | . . . . . Route ------- -11/Scrapyard -10/Materials -10/Mines (discovered 2 exits: *Mat x2) -9/Materials (discovered 4 exits: [*Mat] / *Min x2 / *Sto) -9/Storage (discovered 1 exit: Rec) History --------- Turn | Location | Event 21 | -11/Scrapyard | Discovered new exit (range 15) 89 | -11/Scrapyard | Entered Materials 305 | -10/Materials | Build established: Mutant 328 | -10/Materials | Discovered new exit (range 7) 392 | -10/Materials | Entered Mines 392 | -10/Mines | Discovered new exit (range 11) 542 | -10/Mines | Met a Derelict who couldn't figure out how to use a Trap Extractor 754 | -10/Mines | Found a hidden stash of uninstalled traps 1122 | -10/Mines | Discovered new exit (range 8) 1441 | -10/Mines | Entered Materials 1441 | -9/Materials | Evolved 2 slots: Propulsion x1, Utility x1 1462 | -9/Materials | Build established: Scavenger-Mutant 1513 | -9/Materials | Identified exit to Mines 1513 | -9/Materials | Identified exit to Storage 1837 | -9/Materials | Build established: Mutant 1908 | -9/Materials | Repaired Lgt. Angular Momentum Engine 2016 | -9/Materials | Discovered new exit (range 4) 2394 | -9/Materials | Destroyed 10 combat bots 2410 | -9/Materials | Entered Storage 2411 | -9/Storage | Identified exit to Recycling 2553 | -9/Storage | Core integrity fell below 50% 2601 | -9/Storage | Core integrity fell below 20% 2638 | -9/Storage | Lost 4 parts (4w) 2675 | -9/Storage | Destroyed by G-34 Mercenary with Small Laser Last Messages --------------- 02607_ System corrupted: Minigun targeting data glitched. 02607_ R-06 Scavenger collects Flight Unit. 02607_ Beam Rifle destroyed. 02608_ Acquired 19 matter. 02610_ Acquired 4 matter. 02610_ R-06 Scavenger collects Wheel. 02611_ R-06 Scavenger collects Flight Unit. 02611_ Y-45 Defender destroyed. 02612_ Acquired 4 matter. 02613_ R-06 Scavenger collects Heat Sink. 02614_ R-06 Scavenger collects Lgt. Ion Engine. 02617_ R-06 Scavenger collects Wheel. 02617_ R-06 Scavenger collects Imp. Ion Engine. 02620_ R-06 Scavenger collects Heat Sink. 02624_ R-06 Scavenger collects Flight Unit. 02629_ R-06 Scavenger collects Lgt. Treads. 02647_ U-05 Engineer builds a Wall. 02665_ Minigun destroyed. 02668_ System corrupted: Lgt. EM Pulse Cannon targeting data glitched. 02670_ System corrupted: Matter fused (-5). Map ----- +----------------------------------------------------+ | | | | | | | | | ?????????????????????????????????????????????????? | | ?????????????????????????????????????????????????? | | ?????????????????????????????????????????????????? | | ?????????????????????????????????????????????????? | | #################????????????????????????????????? | | ???????????????????????????????? | | ???????????????????????????????? | | ???????????????????????????????? | | ##+##+######?????????????????????????????????????? | | #???????###########???????????????????????? | | #???????# #???????????????????????? | | #???????# #???????????????????????? | | ######### #???????????????????????? | | "" """ + ## """ """ #???????????????????????? | | "" """ # ! ## """ """ #???????????????????????? | | "" """ # %! ## """ """ ##??????????????????????? | | + ! % ## #??????????????????????? | | ######## =[##[ ##??????????????????????? | | # #### % ######+#####????#??????????????????? | | # % % %u%% ####### ###????????????????? | | #! ### ##/##+## u g #????????????????? | | ## ##?# # # # @ #????????????????? | | ?# #??# + """ # # +????????????????? | | ?# #??# # """ # g #????????????????? | | ?# #??# # """ # # """ """ #????????????????? | | ?# #??# # # # """ """ #????????????????? | | ?# #??# # # # """ """ #????????????????? | | ?# #??#/######## # #????????????????? | | ?? ???? ???????#+## ##########?????????????????? | | ?? ????"??????????# ??????????????????????????? | | ?? ????"??????????# ?????????????????????????? | | ?? ????"??????????# ????????????????????????? | | ?? ???????????????# ##?????????????????????????? | | ?? ???????????????+ ???????????????????????????? | | ?? ???????????????? ???????????????????????????? | | ?????????????????????????????????????????????????? | | ?????????????????????????????????????????????????? | | ?????????????????????????????????????????????????? | | ?????????????????????????????????????????????????? | | ?????????????????????????????????????????????????? | | ?????????????????????????????????????????????????? | | ?????????????????????????????????????????????????? | | ?????????????????????????????????????????????????? | | ?????????????????????????????????????????????????? | | ?????????????????????????????????????????????????? | | ?????????????????????????????????????????????????? | +----------------------------------------------------+ Best States ------------- Heat Dissipation 28 Energy Generation 18 Energy Capacity 150 Matter Stores 300 Matter Capacity 300 Sight Range 16 Robot Scan Range 13 Terrain Scan Density 10 Resistance: KI 20 Resistance: TH 20 Resistance: EX 20 Resistance: EM 20 Resistance: I 20 Resistance: S 20 Resistance: P 20 Evasion (%) 40 Armor Integrity Analysis 33 Recoil Reduction 2 Offensive Hacking 10 Item Schematics ----------------- None Robot Schematics ------------------ None Fabricated ------------ Nothing Alien Tech Used ----------------- None Achievements -------------- None Challenges ------------ None Game ------ Seed MappingRiotBuckler Manual? 0 Play Time 00:42:14 Cumulative 41.9 hours Start 2020.11.20 @ 01:38:46 End 2020.11.20 @ 02:18:18 Sessions 1 Manual Loads 0 Difficulty Adventurer Special Mode None Game No. 36 Rogue 20 Adventurer 2 Explorer 14 Win Type - Total 0 Types 0/0/0/0/0/0/0/0/0 Lore% 23 Gallery% 32 Achievement% 26 Wizard Run 0 Options --------- ASCII 0 Keyboard 0 Movement Mouse Keybinds 0 Fullscreen 1 Font 18/X11Bold Map View 76x50 Tactical HUD 1 Map Filters NONE Filters NONE Steam 1 RUN: e9ffd32f-7b8c-4824-8485-0d4eecb2b04d